 Dungeon Crawl Stone Soup version 0.27-a0-448-gace5c5693b (webtiles) character file.

Game seed: 1362910623532106060

19 HoaS the Insei (level 2, 0/24 HPs)
             Began as a Demigod Gladiator on Feb 27, 2021.
             Succumbed to a worker ant's poison
             ... on level 2 of the Dungeon.
             The game lasted 00:01:53 (1093 turns).

HoaS the Insei (Demigod Gladiator)                  Turns: 1093, Time: 00:01:54

Health: 0/24       AC:  7    Str: 15    XL:     2   Next: 39%
Magic:  4/4        EV: 10    Int: 10    God:
Gold:   9          SH:  0    Dex: 15    Spells: 1/1 levels left

rFire    . . .     SeeInvis .     - Unarmed
rCold    + . .     Faith    .   (no shield)
rNeg     . . .     Spirit   .   f - +0 scale mail
rPois    .         Reflect  .   b - +0 helmet
rElec    .         Harm     .   (no cloak)
rCorr    .         Rampage  .   (no gloves)
Will     .....                  (no boots)
Stlth    ..........             (no amulet)
HPRegen  0.08/turn              a - ring of protection from cold
MPRegen  0.09/turn              (no ring)

@: lethally poisoned (0 -> -9)
A: high mp 1
a: no special abilities


You were on level 2 of the Dungeon.
You visited 1 branch of the dungeon, and saw 2 of its levels.

You collected 9 gold pieces.

Inventory:

Missiles
 c - 3 throwing nets (quivered)
 j - 7 poisoned darts
Armour
 b - a +0 helmet (worn)
 f - a +0 scale mail (worn)
Jewellery
 a - a ring of protection from cold (left hand)
 k - a ring of fire
Potions
 d - a potion of might {unknown}
 g - a potion of brilliance {unknown}


   Skills:
 + Level 2.0 Fighting
 - Level 1.7 Throwing
 + Level 0.6 Armour
 + Level 2.9 Dodging
 * Level 3.1 Unarmed Combat


You had one spell level left.
You didn't know any spells.
Your spell library was empty.

Dungeon Overview and Level Annotations

Branches:
Dungeon (2/15)


Innate Abilities, Weirdness & Mutations

You have an increased reservoir of magic. (+10% MP)


Message History

You closely miss the worker ant.
The worker ant is lightly wounded.
The worker ant bites you.
You are poisoned.
The worker ant poisons you!
You hit the worker ant.
The worker ant is moderately wounded.
You feel sick. The worker ant barely misses you.
You barely miss the worker ant.
The worker ant is moderately wounded.
The worker ant bites you.
You hit the worker ant but do no damage.
The worker ant is moderately wounded.
You feel sick. The worker ant bites you.
You hit the worker ant.
The worker ant is moderately wounded.
The worker ant bites you.
You are lethally poisoned!
The worker ant poisons you!
You hit the worker ant but do no damage.
The worker ant is moderately wounded.
You feel sick.
The worker ant bites you but does no damage.
You barely miss the worker ant.
The worker ant is moderately wounded.
* * * LOW HITPOINT WARNING * * *
You feel sick. The worker ant bites you.
* * * LOW HITPOINT WARNING * * *
The worker ant barely misses you.
You hit the worker ant.
The worker ant is heavily wounded.
* * * LOW HITPOINT WARNING * * *
You feel sick.
The worker ant bites you but does no damage.
You barely miss the worker ant.
The worker ant is heavily wounded.
The worker ant barely misses you.
You hit the worker ant but do no damage.
The worker ant is heavily wounded.
You die...

.,,,,,,,,,..##***....,,,,,,,*,,,*
,**,***,,*,...###...,,,,,,,,,,,,*
,,,,* **,,*....#...,,,,,,,,,*,,,*
,**** **,*#.#...#*********,*,,,*
,* *,*#.#..## *,*,,,* **
#.##.#...# *,*,,,* #.......w#
*,*,,,* *#..#.###B# *,*,,,*
*******#.,*#.* #@####### **,*****
,,,,,,,,,,,#.* #.......# *,,,*
,*********,..* #..<..[.# *,,,* **
**..* #.......# *,,,*
****#.>**######### *,,,*
**,,,...,,,,,** *,,,*
**,,,,,,,,,,,,,** *,,,*
*,,,,,,,,,,,,,,,* *,,,*
*,,,,,,,,,,,<,,,* *,,,*


You could see a worm and a worker ant.

Vanquished Creatures
  A dart slug (D:1)
  5 giant cockroaches (D:1)
  A goblin (D:1)
  4 bats (D:1)
  3 frilled lizards (D:1)
  2 kobolds (D:1)
  A rat (D:1)
17 creatures vanquished.

Notes
Turn   | Place    | Note
-------+----------+-------------------------------------------
     0 | D:1      | HoaS the Demigod Gladiator began the quest for the Orb.
     0 | D:1      | Reached XP level 1. HP: 17/17 MP: 3/3
   449 | D:1      | Reached skill level 3 in Unarmed Combat
   449 | D:1      | Reached XP level 2. HP: 24/24 MP: 4/4
  1091 | D:2      | HP: 1/24 [poisoned by a worker ant]
  1093 | D:2      | Succumbed to a worker ant's poison

Illustrated notes

Levels and vault maps discovered:
D:1:      lightli_arrival_lavapool, layout_loops_corners
D:2:      layout_rooms, xom_redecorated

Skill      XL: |  1 |
---------------+----+-----
Fighting       | 2 |  2.0
Unarmed Combat | 3 |  3.1
Throwing       | |  1.7
Armour         | |  0.6
Dodging        | |  2.9

Action                   || total
-------------------------++-------
Melee: Unarmed           ||   119
       Punch             ||     2
  Use: Scroll            ||     3
Armor: Leather armour    ||    27
       Scale mail        ||    29
Dodge: Dodged            ||    68

Table legend: (Time is in decaauts)
 A = Elapsed time spent in this place.
 B = Non-inter-level travel time spent in this place.
 C = Inter-level travel time spent in this place.
 D = Time resting spent in this place.
 E = Time spent auto-exploring this place.
 F = Levels seen in this place.
 G = Mean time per level.
                   A        B        C        D        E       F      G
               +--------+--------+--------+--------+--------+-----+--------+
         Total |   1086 |   1029 |     57 |     96 |    732 |   2 |  543.0 |
       Dungeon |   1086 |   1029 |     57 |     96 |    732 |   2 |  543.0 |
               +--------+--------+--------+--------+--------+-----+--------+

Top non-repeatable levels by time:
     D:1: 1049 daAuts
     D:2: 37 daAuts
